 Seeded DCSS version 0.29.1-13-g9f3cf754e1 (webtiles) character file.

Game seed: 16245865983455551772 (custom seed)

67 OTABOTABOTAB the Conjurer (level 4, 27/27 HPs)
             Began as an Octopode Conjurer on Jan 24, 2023.
             Quit the game on level 3 of the Dungeon.
             The game lasted 00:01:35 (2353 turns).

OTABOTABOTAB the Conjurer (Octopode Conjurer)       Turns: 2353, Time: 00:01:36

Health: 27/27      AC:  1    Str:  6    XL:     4   Next: 16%
Magic:  7/7        EV: 14    Int: 34    God:
Gold:   91         SH:  0    Dex: 16    Spells: 7/8 levels left

rFire   . . .      SeeInvis .   e - staff of conjuration
rCold   . . .      Faith    .   (no shield)
rNeg    . . .      Spirit   .   (helmet restricted)
rPois   .          Reflect  .   (no amulet)
rElec   +          Harm     .   d - ring of Voum {+Blink rElec rCorr Dex+6}
rCorr   +          Rampage  .   I - +6 ring of intelligence
Will    .....                   j - +6 ring of intelligence
Stlth   ++++......              (no ring)
HPRegen 0.09/turn               (no ring)
MPRegen 0.10/turn               (no ring)
                                (no ring)
                                (no ring)

@: no status effects
A: almost no armour, amphibious, 8 rings, camouflage 1, gelatinous body 1,
(nimble swimmer 1), tentacles
a: Evoke Blink


You were on level 3 of the Dungeon.
You visited 1 branch of the dungeon, and saw 3 of its levels.

You collected 91 gold pieces.

Inventory:

Hand Weapons
 a - a +0 sling
   (You found it on level 1 of the Dungeon)
 b - a +0 dagger
   (You found it on level 1 of the Dungeon)
 c - a +0 dagger
   (You took it off a goblin on level 1 of the Dungeon)
Missiles
 h - 2 poisoned darts
 s - 22 stones
Magical Staves
 e - a staff of conjuration (weapon)
   (You acquired it on level 1 of the Dungeon)
Jewellery
 d - the ring of Voum (left tentacle) {+Blink rElec rCorr Dex+6}
   (You acquired it on level 1 of the Dungeon)

   [ring of dexterity]

   Dex:       It affects your dexterity (+6).
   rElec:     It insulates you from electricity.
   +Blink:    It lets you blink.
   rCorr:     It protects you from acid and corrosion.
 j - a +6 ring of intelligence (on tentacle)
   (You found it on level 1 of the Dungeon)
 I - a +6 ring of intelligence (right tentacle)
   (You found it on level 1 of the Dungeon)
Wands
 o - a wand of roots (4)
   (You found it on level 3 of the Dungeon)
Scrolls
 i - 2 scrolls of teleportation {unknown}
 l - a scroll of summoning {unknown}
 m - a scroll of identify {unknown}
 n - a scroll of enchant weapon {unknown}
 p - a scroll of noise {unknown}
Potions
 f - a potion of might {unknown}
 g - 2 potions of flight {unknown}
 k - a potion of lignification {unknown}
 M - a potion of magic


   Skills:
 + Level 2.7 Dodging
 + Level 3.8 Stealth
 + Level 2.6 Spellcasting
 + Level 4.4 Conjurations


You had 7 spell levels left.
You knew the following spells:

 Your Spells              Type           Power      Damage    Failure   Level
a - Magic Dart            Conj           100%       1d8       1%          1

Your spell library contained the following spells:

 Spells                   Type           Power      Damage    Failure   Level
 Searing Ray              Conj           100%       2d8       1%          2
 Sting                    Tmut/Pois      16%        1d3       6%          1
 Dazzling Flash           Conj/Hex       58%        N/A       7%          3
 Poisonous Vapours        Pois/Air       8%         N/A       9%          2
 Fulminant Prism          Conj/Hex       14%        3d9       22%         4
 Iskenderun's Mystic Bla  Conj/Tloc      29%        2d7       22%         4
 Iskenderun's Battlesphe  Conj           51%        2d10      26%         5
 Olgreb's Toxic Radiance  Pois           4%         N/A       50%         4
 Fireball                 Conj/Fire      14%        3d8       54%         5
 Conjure Ball Lightning   Conj/Air       14%        3x3d6     98%         6
 Orb of Destruction       Conj           25%        9d9       100%        7
 Chain Lightning          Conj/Air       14%        3d19      100%        9
 Fire Storm               Conj/Fire      14%        8d4       100%        9
 Shatter                  Erth           2%         3d6*      100%        9


Dungeon Overview and Level Annotations

Branches:
Dungeon (3/15)

Altars:


Innate Abilities, Weirdness & Mutations

You cannot wear most types of armour.
You are amphibious.
You can wear up to eight rings at the same time.
Your skin changes colour to match your surroundings (Stealth+).
Your rubbery body absorbs attacks. (AC +1, EV +1)
((You are camouflaged when in or above water. (Stealth+)))
You have tentacles for arms and can constrict up to eight enemies at once.


Message History

You now have 79 gold pieces (gained 10).
You now have 82 gold pieces (gained 3).
Found a stone staircase leading up.
No target in view!
No target in view!
You now have 91 gold pieces (gained 9).
A rat comes into view.
You feel a surge of power!
The magic dart hits the rat but does no damage.
You feel a surge of power!
The magic dart hits the rat.
You kill the rat!
Done exploring.
No target in view!
No target in view!
Done exploring.
No target in view!
No target in view!
No target in view!
Done exploring.
No target in view!
Okay, then.
You feel clever.
j - a +6 ring of intelligence (on tentacle) Done exploring.
Done exploring.
(D) Dungeon
Where to? (Enter - D:2, ? - help)
There is a stone staircase leading down here.
You climb downwards.
There is a stone staircase leading up here.
A rat is nearby!
A rat is nearby!
You feel a surge of power!
The magic dart hits the rat.
You kill the rat!
You now have 6/7 mp.
No target in view!
No target in view!
A hobgoblin comes into view.
MP restored: 7 You feel a surge of power!
The magic dart hits the hobgoblin.
The hobgoblin shouts!
You now have 6/7 mp.
You feel a surge of power!
The magic dart hits the hobgoblin.
You kill the hobgoblin!
A bat comes into view.
You now have 5/7 mp.
You feel a surge of power!
The magic dart hits the bat!
You kill the bat!
You now have 4/7 mp.
You see here a bat corpse.
A kobold comes into view. It is wielding a +0 dagger.
You feel a surge of power!
The magic dart hits the kobold.
You kill the kobold!
No target in view!
You regained 2 mp, and now have 6/7 mp.
No target in view!
You see here a +0 dagger.
A frilled lizard comes into view.
You feel a surge of power!
The magic dart hits the frilled lizard.
The frilled lizard hisses angrily.
You feel a surge of power!
The magic dart hits the frilled lizard.
You kill the frilled lizard!
You see here a frilled lizard corpse.
Found an escape hatch in the ceiling.
No target in view!
No target in view!
MP restored: 7 No target in view!
Found a stone staircase leading down.
No target in view!
No target in view!
No target in view!
o - a wand of roots (4)
p - a scroll labelled NUIJAF FUCU You pick up a book of Annihilations and begin reading...
You add the spells Chain Lightning, Fire Storm and Shatter to your library.
You open the door.
There is an open door here.
You open the door.
A kobold comes into view. It is wielding a +0 club.
A kobold is nearby!
A kobold is nearby!
You feel a surge of power!
The magic dart hits the kobold but does no damage.
The kobold shouts!
You hear a shout!
You now have 6/7 mp.
You feel a surge of power!
The magic dart hits the kobold.
You now have 5/7 mp.
You feel a surge of power!
The magic dart hits the kobold but does no damage.
You now have 4/7 mp.
You feel a surge of power!
The magic dart hits the kobold.
You kill the kobold!
You now have 3/7 mp.
No target in view!
No target in view!
No target in view!
There is an open door here.
A hobgoblin comes into view.
You see here a +0 club.
MP restored: 7

###+##g. #..$...#
#......# #......#
#......# #......#
.. ##......# #.#
#...@...# ..
####'#### #.#
######.# #<.##
#....#'##
#..######.......#
#.#...##....)..#
#.....##.......#
#.##..##.......#
#.#............#


You could see a hobgoblin (wandering).

Vanquished Creatures
  Jessica (D:2)
  An adder (D:2)
  2 ball pythons (D:1)
  3 bats
  4 endoplasms (D:1)
  2 goblins (D:1)
  4 hobgoblins
  4 kobolds
  3 quokkas (D:1)
  2 frilled lizards
  4 rats
30 creatures vanquished.

Vanquished Creatures (others)
  2 plants (D:3)
2 creatures vanquished.

Grand Total: 32 creatures vanquished

Notes
Turn   | Place    | Note
-------+----------+-------------------------------------------
     0 | D:1      | OTABOTABOTAB the Octopode Conjurer began the quest for the
                  | Orb.
     0 | D:1      | Reached XP level 1. HP: 11/11 MP: 3/3
   120 | D:1      | Identified 3 scrolls of acquirement
   120 | D:1      | Acquired a book of the Spheres
   122 | D:1      | Acquired a staff of conjuration
   124 | D:1      | Acquired the ring of Voum {+Blink rElec rCorr Dex+6}
   181 | D:1      | Reached skill level 3 in Stealth
   181 | D:1      | Reached XP level 2. HP: 17/17 MP: 1/5
   282 | D:1      | Found a faded altar of an unknown god.
  1239 | D:1      | Reached XP level 3. HP: 20/21 MP: 4/6
  1718 | D:2      | Noticed Jessica
  1722 | D:2      | Killed Jessica
  1723 | D:2      | Reached XP level 4. HP: 27/27 MP: 4/7
  2353 | D:3      | Quit the game

Illustrated notes

Levels and vault maps discovered:
D:1:      minmay_arrival_hallway, layout_loops_corners, basic_ecumenical_altar,
          minmay_unequal
D:2:      layout_loops_ring, uniq_jessica
D:3:      layout_basic, serial_shops, nicolae_shop_advertising_works
          [nicolae_subvault_shop_adworks], minmay_shallow_snake_nest,
          uniq_natasha

Skill      XL: |  1 |
---------------+----+-----
Stealth        | 3 |  3.8
Dodging        | |  2.7
Spellcasting   | |  2.6
Conjurations   | |  4.4

Action                   |  1- 3 |  4- 6 || total
-------------------------+-------+-------++-------
Melee: Unarmed           |     2 |       ||     2
       Tentacles         |     2 |       ||     2
       Constrict         |     1 |       ||     1
       Staff             |     7 |       ||     7
 Cast: Magic Dart        |    36 |    13 ||    49
  Use: Scroll            |     3 |       ||     3
Dodge: Dodged            |     4 |       ||     4

Table legend: (Time is in decaauts)
 A = Elapsed time spent in this place.
 B = Non-inter-level travel time spent in this place.
 C = Inter-level travel time spent in this place.
 D = Time resting spent in this place.
 E = Time spent auto-exploring this place.
 F = Levels seen in this place.
 G = Mean time per level.
                   A        B        C        D        E       F      G
               +--------+--------+--------+--------+--------+-----+--------+
         Total |   2351 |   2220 |    131 |      0 |   2093 |   3 |  783.7 |
       Dungeon |   2351 |   2220 |    131 |      0 |   2093 |   3 |  783.7 |
               +--------+--------+--------+--------+--------+-----+--------+

Top non-repeatable levels by time:
     D:1: 1336 daAuts
     D:2: 763 daAuts
     D:3: 251 daAuts

Table legend:
 A = Kills in this place as a percentage of kills in entire the game.
 B = Kills by you in this place as a percentage of kills by you in the entire game.
 C = Kills by friends in this place as a percentage of kills by friends in the entire game.
 D = Other kills in this place as a percentage of other kills in the entire game.
 E = Experience gained in this place as a percentage of experience gained in the entire game.
 F = Experience gained in this place divided by the number of levels of this place that you have seen.
                   A       B       C       D       E      F
               +-------+-------+-------+-------+-------+----------------------
         Total | 100.0 | 100.0 |   N/A |   N/A | 100.0 |  32.0
       Dungeon | 100.0 | 100.0 |   N/A |   N/A | 100.0 |  32.0
               +-------+-------+-------+-------+-------+----------------------
